[Event "Titled Tuesday Blitz November 14 Late 2023"]
[White "Laskakis, Konstantinos"]
[Black "Fernandez Reyes, Lisandro"]
[WhiteFideId "42134374"]
[BlackFideId "3504190"]
[WhiteElo "2365"]
[BlackElo "2554"]
[Result "0-1"]
[Round "3"]
[TimeControl "180+1"]
[Date "2023.11.14"]
[WhiteClock "0:00:02"]
[BlackClock "0:01:02"]
[Board "100"]

1. d4 Nf6 2. c4 g6 3. Nc3 Bg7 4. Nf3 O-O 5. Bg5 d6 6. e3 Bf5 7. Bd3 Bg4 8. h3 Bxf3 9. Qxf3 c6 10. O-O Nbd7 11. Qe2 e5 12. Rad1 h6 13. Bh4 Qc7 14. Bg3 Rfe8 15. Qc2 Nh5 16. Bh2 Nhf6 17. b4 Rad8 18. c5 d5 19. e4 dxe4 20. Nxe4 Nxe4 21. Bxe4 f5 22. Bf3 Qc8 23. d5 e4 24. Be2 cxd5 25. Rxd5 Nf6 26. Rd6 Rxd6 27. Bxd6 Kh7 28. Rd1 e3 29. Bb5 exf2+ 30. Qxf2 Re4 31. a3 Qe6 32. Bd3 Qb3 33. Bc2 Qxa3 34. Bxe4 Nxe4 35. Qf4 Qxb4 36. Be5 Qxc5+ 37. Bd4 Bxd4+ 38. Kf1 Qc4+ 39. Ke1 Bc3+ 40. Rd2 Bxd2+ 0-1


[Site "https://www.chess.com"]

[Event "Titled Tuesday Blitz November 14 Late 2023"]
[White "Lalanne, Pablo"]
[Black "Ozates, Tuna"]
[WhiteFideId "112151"]
[BlackFideId "6354521"]
[WhiteElo "2364"]
[BlackElo "2552"]
[Result "0-1"]
[Round "3"]
[TimeControl "180+1"]
[Date "2023.11.14"]
[WhiteClock "0:00:10"]
[BlackClock "0:00:10"]
[Board "101"]

1. d4 Nf6 2. c4 g6 3. Nc3 Bg7 4. e4 d6 5. Nf3 O-O 6. Be2 Na6 7. O-O e5 8. Be3 Ng4 9. Bg5 Qe8 10. h3 exd4 11. Nxd4 Ne5 12. f4 Nc6 13. Ndb5 Bd7 14. Bg4 f5 15. exf5 Bxf5 16. Re1 Qd7 17. Bxf5 Rxf5 18. Nd5 h6 19. Ne7+ Nxe7 20. Rxe7 Qc6 21. Bh4 Qxc4 22. a4 Qxf4 23. Qe1 Be5 24. g3 Qf3 25. Ra3 Qd5 26. Nxc7 Nxc7 27. Rxc7 Raf8 28. g4 Bd4+ 29. Kh2 Re5 30. Qd1 Re4 31. Qb3 Re2+ 32. Kg3 Bf2+ 33. Kh2 Bxh4+ 34. Kg1 Bf2+ 35. Kf1 Qxb3 36. Rxb3 Re1+ 37. Kg2 Bh4 38. Rc2 Re7 39. Rd3 Re6 40. Rb3 Rf7 41. a5 Kg7 42. a6 bxa6 43. Rd3 Rfe7 44. Rcd2 Re2+ 45. Rxe2 Rxe2+ 46. Kf3 Rxb2 47. Rxd6 Rb7 48. Rd7+ Rxd7 49. Ke4 Rf7 50. Ke5 Bg5 51. Kd5 Rf3 52. Kc4 Rxh3 53. Kb4 Rg3 0-1


[Site "https://www.chess.com"]

[Event "Titled Tuesday Blitz November 14 Late 2023"]
[White "angelgab3"]
[Black "Skaric, Djuro"]
[BlackFideId "934569"]
[WhiteElo "2551"]
[BlackElo "2362"]
[Result "1-0"]
[Round "3"]
[TimeControl "180+1"]
[Date "2023.11.14"]
[WhiteClock "0:00:44"]
[BlackClock "0:00:11"]
[Board "102"]

1. e4 d6 2. d4 g6 3. Nc3 Bg7 4. f4 e6 5. Nf3 b6 6. Bd3 Bb7 7. Be3 Ne7 8. Qe2 h5 9. O-O-O Nd7 10. h3 a6 11. g4 b5 12. f5 exf5 13. exf5 gxf5 14. Rhg1 Nb6 15. Bg5 f6 16. Bh4 hxg4 17. hxg4 Bc8 18. gxf5 Kf7 19. Rde1 Nxf5 20. Bf2 c6 21. Ne4 Bh6+ 22. Kb1 Nd5 23. Ng3 Nf4 24. Qf1 Nxg3 25. Bxg3 Nxd3 26. Qxd3 Qd7 27. Nh4 Rg8 28. Qh7+ Bg7 29. Bxd6 Qxd6 30. Qg6+ Kf8 31. Re8# 1-0


[Site "https://www.chess.com"]

[Event "Titled Tuesday Blitz November 14 Late 2023"]
[White "TheAlienParty"]
[Black "Ocelak, Jakub"]
[BlackFideId "23707933"]
[WhiteElo "2358"]
[BlackElo "2550"]
[Result "1/2-1/2"]
[Round "3"]
[TimeControl "180+1"]
[Date "2023.11.14"]
[WhiteClock "0:01:17"]
[BlackClock "0:00:22"]
[Board "103"]

1. Nf3 g6 2. g3 Bg7 3. Bg2 d6 4. h4 h5 5. e4 c5 6. c3 Bg4 7. Qb3 Qb6 8. Ng5 Qxb3 9. axb3 Nc6 10. f3 Bd7 11. d3 Nf6 12. Be3 Rf8 13. Na3 O-O-O 14. Ke2 a6 15. Rhc1 Kb8 16. Nc4 Ne8 17. Nb6 Nc7 18. Nxd7+ Rxd7 19. Nh3 b5 20. Nf4 Kb7 21. Nd5 Nxd5 22. exd5 Nb8 23. Ra5 Rc7 24. Rc2 Nd7 25. Rc1 Nb6 26. Rca1 Ra8 27. Bg5 Bf6 28. Bxf6 exf6 29. Kd2 Re7 30. Re1 Rxe1 31. Kxe1 Re8+ 32. Kd2 f5 33. f4 Nd7 34. b4 Kb6 35. Ra1 cxb4 36. cxb4 Nb8 37. Rc1 Kb7 1/2-1/2


[Site "https://www.chess.com"]

[Event "Titled Tuesday Blitz November 14 Late 2023"]
[White "Cervantes Landeiro, Thalia"]
[Black "Huda, Maryana"]
[WhiteFideId "3520498"]
[BlackFideId "14116553"]
[WhiteElo "2547"]
[BlackElo "2355"]
[Result "1-0"]
[Round "3"]
[TimeControl "180+1"]
[Date "2023.11.14"]
[WhiteClock "0:00:57"]
[BlackClock "0:00:01"]
[Board "104"]

1. d4 d5 2. c4 e6 3. Nc3 Nf6 4. cxd5 exd5 5. Bg5 Be7 6. e3 c6 7. Bd3 O-O 8. Qc2 h6 9. Bh4 Re8 10. Nf3 Nbd7 11. O-O-O Ne4 12. Bxe4 dxe4 13. Qxe4 Bxh4 14. Qxh4 Qxh4 15. Nxh4 Nf6 16. Nf3 Bg4 17. Rhe1 Ne4 18. Nxe4 Rxe4 19. Rd2 Bxf3 20. gxf3 Rh4 21. Rh1 Rd8 22. f4 Rh5 23. f3 Rhd5 24. Kc2 c5 25. Rhd1 cxd4 26. Rxd4 Rxd4 27. Rxd4 Rxd4 28. exd4 Kf8 29. Kd3 Ke7 30. Ke4 g6 31. f5 g5 32. Ke5 f6+ 33. Kd5 h5 34. b4 Kd7 35. a4 Ke7 36. a5 Kd7 37. Kc5 Kc7 38. d5 Kd7 39. d6 Kc8 40. Kd5 Kd7 41. b5 a6 42. bxa6 bxa6 43. Kc5 Kc8 44. Kb6 Kd7 45. Kxa6 Kxd6 46. Kb7 Ke5 47. a6 Kxf5 48. a7 Kf4 49. a8=Q Kxf3 50. Qf8 Kg2 51. Qxf6 Kxh2 52. Qxg5 h4 53. Qxh4+ 1-0


[Site "https://www.chess.com"]

[Event "Titled Tuesday Blitz November 14 Late 2023"]
[White "Hirneise, Jens"]
[Black "Diaz, Fernando"]
[WhiteFideId "24614734"]
[BlackFideId "3701255"]
[WhiteElo "2546"]
[BlackElo "2351"]
[Result "1/2-1/2"]
[Round "3"]
[TimeControl "180+1"]
[Date "2023.11.14"]
[WhiteClock "0:00:08"]
[BlackClock "0:00:06"]
[Board "105"]

1. e4 e6 2. d3 d5 3. Qe2 Nf6 4. g3 Bc5 5. h3 dxe4 6. dxe4 e5 7. Nf3 Nc6 8. Bg2 O-O 9. c3 a5 10. O-O h6 11. Rd1 Qe7 12. Nh4 b6 13. Qf3 Nh7 14. Nf5 Qf6 15. Be3 Bxe3 16. Nxe3 Qxf3 17. Bxf3 Ng5 18. Bg2 Bxh3 19. Nd5 Bxg2 20. Kxg2 Nxe4 21. Nxc7 Rad8 22. Na3 Nc5 23. Nc4 b5 24. Nxb5 Rxd1 25. Rxd1 Rb8 26. Nc7 Rb7 27. Nd5 f6 28. Rd2 Rd7 29. Nde3 Rxd2 30. Nxd2 Na4 31. Nd1 Kf7 32. Nc4 Ke6 33. b3 Nc5 34. g4 g6 35. Kf3 f5 36. gxf5+ gxf5 37. Nxa5 Nxa5 38. b4 Nab7 39. bxc5 Nxc5 40. Nb2 Kd5 41. a4 h5 42. Kg3 Ne4+ 43. Kh4 Nxc3 44. Kxh5 Ne4 45. f3 Nd2 46. Kg5 Nxf3+ 47. Kxf5 Nd4+ 48. Kg4 e4 49. Nd1 Kc4 50. Kf4 Kd3 51. Nf2+ Kc4 52. Nxe4 Kb4 53. Nc5 Kxc5 54. a5 Nc6 55. a6 Kb6 56. a7 Nxa7 1/2-1/2


[Site "https://www.chess.com"]

[Event "Titled Tuesday Blitz November 14 Late 2023"]
[White "Doluhanova, Evgeniya"]
[Black "Jaskolka, Tomasz"]
[WhiteFideId "14112035"]
[BlackFideId "1170791"]
[WhiteElo "2348"]
[BlackElo "2546"]
[Result "1-0"]
[Round "3"]
[TimeControl "180+1"]
[Date "2023.11.14"]
[WhiteClock "0:00:13"]
[BlackClock "0:00:06"]
[Board "106"]

1. d4 d5 2. c4 e5 3. dxe5 d4 4. Nf3 Nc6 5. e3 Bb4+ 6. Bd2 dxe3 7. fxe3 Bg4 8. Be2 Bxf3 9. Bxf3 Qh4+ 10. g3 Qxc4 11. b3 Qc5 12. O-O Rd8 13. Bxc6+ Qxc6 14. Qh5 g6 15. Qe2 Bxd2 16. Nxd2 Ne7 17. Rac1 Qd5 18. Nf3 O-O 19. Rxc7 Nc6 20. Qc4 Qxc4 21. bxc4 Rd3 22. Rxb7 Rxe3 23. Rc7 Nxe5 24. Nxe5 Rxe5 25. Rxa7 Rc5 26. Rf4 g5 27. Rd4 Rfc8 28. Rdd7 Rf5 29. Rac7 Rb8 30. Rb7 Rc8 31. Rb5 Rf3 32. c5 g4 33. Rdb7 Kg7 34. a4 Rd8 35. Rb2 Rd1+ 36. Kg2 Ra1 37. R7b4 h5 38. Rc4 Rff1 39. c6 Rg1+ 40. Kf2 Rgf1+ 41. Ke3 Rae1+ 42. Kd4 Rd1+ 43. Kc5 Rf5+ 44. Kb6 Rd8 45. c7 Rc8 46. Kb7 Rxc7+ 47. Rxc7 Ra5 48. Rb4 Kg6 49. Rf4 f5 50. Kb6 Ra8 51. a5 Kg5 52. a6 h4 53. a7 hxg3 54. hxg3 Rd8 55. Rg7+ Kh5 56. Rf7 Kg6 57. R7xf5 Rd6+ 58. Kc7 Ra6 59. Rf6+ Rxf6 60. Rxf6+ Kxf6 61. a8=Q Ke5 62. Qa4 Kf5 63. Qf4+ Ke6 64. Qxg4+ Ke5 65. Qf4+ Ke6 66. g4 Ke7 67. g5 Ke6 68. g6 Ke7 69. g7 Ke6 70. g8=Q+ Ke7 71. Qd6# 1-0


[Site "https://www.chess.com"]

[Event "Titled Tuesday Blitz November 14 Late 2023"]
[White "Pinheiro, Iung Alicio de O."]
[Black "patzersame"]
[WhiteFideId "2104350"]
[WhiteElo "2545"]
[BlackElo "2336"]
[Result "1-0"]
[Round "3"]
[TimeControl "180+1"]
[Date "2023.11.14"]
[WhiteClock "0:00:20"]
[BlackClock "0:00:12"]
[Board "107"]

1. Nf3 Nf6 2. b3 b6 3. g3 Bb7 4. Bg2 g5 5. Bb2 g4 6. Nh4 Bxg2 7. Nxg2 Nc6 8. h3 gxh3 9. Rxh3 d5 10. d4 Qd7 11. Nf4 O-O-O 12. Nd2 Ng4 13. Nf3 Bg7 14. Qd3 e5 15. dxe5 Ngxe5 16. Nxe5 Nxe5 17. Qa6+ Kb8 18. O-O-O c6 19. Rh5 f6 20. e4 Qg4 21. exd5 Ng6 22. Nxg6 Qxh5 23. Nxh8 Bxh8 24. d6 Qc5 25. Qd3 Qxf2 26. Qxh7 Qxg3 27. Qc7+ Ka8 28. Qxd8+ Kb7 29. Qc7+ Ka6 30. Qc8+ Ka5 31. Qxh8 c5 32. d7 c4 33. d8=Q c3 34. Qh5+ Kb4 35. a3# 1-0


[Site "https://www.chess.com"]

[Event "Titled Tuesday Blitz November 14 Late 2023"]
[White "Novik, Maxim"]
[Black "Szente Varga, Fruzsina"]
[WhiteFideId "4102924"]
[BlackFideId "712264"]
[WhiteElo "2542"]
[BlackElo "2331"]
[Result "0-1"]
[Round "3"]
[TimeControl "180+1"]
[Date "2023.11.14"]
[WhiteClock "0:01:24"]
[BlackClock "0:01:05"]
[Board "108"]

1. e4 c5 2. Nf3 Nc6 3. Bb5 g6 4. Bxc6 dxc6 5. d3 Bg7 6. h3 Nf6 7. O-O Nd7 8. a4 e5 9. a5 Nf8 10. Nbd2 Ne6 11. Nc4 Qc7 12. Be3 h6 13. Qd2 g5 14. b4 cxb4 15. Qxb4 c5 16. Qb2 Nd4 17. Nfd2 g4 18. hxg4 Bxg4 19. f3 Be6 20. c3 Ne2+ 21. Kf2 Nf4 22. Bxf4 exf4 23. Qc2 O-O 24. Rh1 b5 25. axb6 axb6 26. Rab1 Rfb8 27. Rb5 Bd7 28. Rhb1 Bxb5 29. Rxb5 Qd8 30. Qb2 Qxd3 31. Qb1 Qxc3 32. Kg1 Ra1 33. Kh2 Rxb1 34. Rxb1 b5 0-1


[Site "https://www.chess.com"]

[Event "Titled Tuesday Blitz November 14 Late 2023"]
[White "FM_Kappeler"]
[Black "Ismayil, Malak"]
[BlackFideId "13412604"]
[WhiteElo "2296"]
[BlackElo "2541"]
[Result "1-0"]
[Round "3"]
[TimeControl "180+1"]
[Date "2023.11.14"]
[WhiteClock "0:00:12"]
[BlackClock "0:00:00"]
[Board "109"]

1. d4 Nf6 2. c4 e6 3. g3 d5 4. Nf3 dxc4 5. Bg2 Nc6 6. Qa4 Bb4+ 7. Bd2 Nd5 8. Ne5 O-O 9. Nxc6 Bxd2+ 10. Nxd2 bxc6 11. Nxc4 a5 12. O-O Ba6 13. Rac1 Bb5 14. Qa3 Qf6 15. Rfd1 h5 16. e3 h4 17. Ne5 hxg3 18. hxg3 Qg5 19. Nxc6 Be2 20. Re1 Bg4 21. Rc5 Kh8 22. Ne5 Rad8 23. Nxg4 Qxg4 24. Rxa5 Nf6 25. Qc5 Qg6 26. Qg5 Qc2 27. e4 Rxd4 28. e5 Rg4 29. Qe3 Nd7 30. Rc1 Qxb2 31. Rxc7 1-0


[Site "https://www.chess.com"]

[Event "Titled Tuesday Blitz November 14 Late 2023"]
[White "Ongut, Tamas Gunes"]
[Black "Cooper, Aaron"]
[WhiteFideId "770280"]
[BlackFideId "2634945"]
[WhiteElo "2539"]
[BlackElo "2290"]
[Result "1-0"]
[Round "3"]
[TimeControl "180+1"]
[Date "2023.11.14"]
[WhiteClock "0:00:35"]
[BlackClock "0:00:04"]
[Board "110"]

1. d4 g6 2. e4 Bg7 3. Nc3 c6 4. Bc4 d6 5. Nf3 Nf6 6. e5 dxe5 7. Nxe5 O-O 8. O-O Nbd7 9. Bf4 Nb6 10. Bb3 Nbd5 11. Nxd5 cxd5 12. Re1 Be6 13. c3 Rc8 14. Nd3 Bg4 15. f3 Bf5 16. Be5 Qd7 17. Nf4 Be6 18. Qe2 Rcd8 19. Bxf6 exf6 20. Nxe6 Rfe8 21. Nc5 Rxe2 22. Nxd7 Rxe1+ 23. Rxe1 Rxd7 24. Re8+ Bf8 25. a4 b6 26. Kf2 Kg7 27. g4 Bd6 28. h4 Bf4 29. Bc2 Rd6 30. Bd3 Bc1 31. Re2 Bf4 32. Bb5 Rd8 33. b3 Bd6 34. c4 Rc8 35. cxd5 Rc3 36. Bc4 Rc1 37. Re8 Rh1 38. Rd8 Bf4 39. d6 Rh2+ 40. Ke1 Rxh4 41. d7 Rh1+ 42. Ke2 Rh2+ 43. Kd3 Rd2+ 44. Ke4 Bc7 45. Rc8 f5+ 46. gxf5 gxf5+ 47. Kd5 Bf4 48. d8=Q Be3 49. Qh8+ Kh6 50. Qf6+ Kh5 51. Qxf5+ Kh4 52. Qxh7+ Kg3 53. Rg8+ Kf2 54. Qh2+ Ke1 55. Qxd2+ Kxd2 56. Ke4 1-0


[Site "https://www.chess.com"]

[Event "Titled Tuesday Blitz November 14 Late 2023"]
[White "Kohler, Aran"]
[Black "dodoucb"]
[WhiteFideId "1002856"]
[WhiteElo "2283"]
[BlackElo "2539"]
[Result "0-1"]
[Round "3"]
[TimeControl "180+1"]
[Date "2023.11.14"]
[WhiteClock "0:00:11"]
[BlackClock "0:00:17"]
[Board "111"]

1. d4 Nf6 2. Nf3 g6 3. Bg5 Ne4 4. Bh4 c5 5. Nbd2 Nxd2 6. Qxd2 Bg7 7. e3 cxd4 8. exd4 Nc6 9. c3 d6 10. Be2 O-O 11. O-O Qc7 12. Bg3 Re8 13. b4 a6 14. a4 Bf5 15. b5 Na5 16. c4 Nb3 17. Qb4 Nxa1 18. Rxa1 axb5 19. Qxb5 Qc6 20. Qxc6 bxc6 21. a5 c5 22. a6 cxd4 23. Ra2 Reb8 24. h3 Rb6 25. c5 dxc5 26. a7 d3 27. Bf1 c4 28. Bb8 c3 29. g4 Be4 30. Ng5 Bd5 31. Bg2 Bxg2 32. Kxg2 d2 0-1


[Site "https://www.chess.com"]

[Event "Titled Tuesday Blitz November 14 Late 2023"]
[White "Lock, Gavin R"]
[Black "Leenhouts, Koen"]
[WhiteFideId "408646"]
[BlackFideId "1008439"]
[WhiteElo "2244"]
[BlackElo "2536"]
[Result "1-0"]
[Round "3"]
[TimeControl "180+1"]
[Date "2023.11.14"]
[WhiteClock "0:00:12"]
[BlackClock "0:00:00"]
[Board "112"]

1. e4 Nc6 2. Nf3 d6 3. d4 Bg4 4. Bb5 a6 5. Bxc6+ bxc6 6. Nc3 g6 7. h3 Bxf3 8. Qxf3 Bg7 9. Be3 Rb8 10. O-O-O e6 11. h4 h6 12. g4 Ne7 13. h5 g5 14. e5 d5 15. Na4 Rb5 16. b3 Rf8 17. Qe2 f6 18. f4 fxe5 19. fxe5 Kd7 20. Nc5+ Rxc5 21. dxc5 Qb8 22. Bd4 Rf4 23. Rhf1 Qf8 24. c3 Nc8 25. Kb2 Na7 26. a4 Nc8 27. Qxa6 Qe7 28. Rxf4 gxf4 29. Rf1 Qg5 30. Qe2 Na7 31. Qf3 Bxe5 32. Bxe5 Qxe5 33. Qxf4 Qe2+ 34. Ka3 e5 35. Qf7+ Kc8 36. Qf2 Qd3 37. Qf3 Qc2 38. g5 hxg5 39. h6 Qh2 40. Rh1 Qc2 41. h7 d4 42. h8=Q+ Kb7 43. Qxe5 dxc3 44. Qfxc3 Qg6 45. Qb4+ 1-0


[Site "https://www.chess.com"]

[Event "Titled Tuesday Blitz November 14 Late 2023"]
[White "topce"]
[Black "Silvestre, Christian"]
[BlackFideId "30956269"]
[WhiteElo "2530"]
[BlackElo "2237"]
[Result "1-0"]
[Round "3"]
[TimeControl "180+1"]
[Date "2023.11.14"]
[WhiteClock "0:01:27"]
[BlackClock "0:00:16"]
[Board "113"]

1. c4 c5 2. Nc3 Nf6 3. g3 d6 4. Bg2 g6 5. d3 Bg7 6. Bf4 O-O 7. Qd2 Re8 8. Bh6 Bh8 9. h4 Ng4 10. h5 Nxh6 11. hxg6 hxg6 12. Rxh6 Bg7 13. Nf3 Nd7 14. O-O-O a6 15. Rdh1 Nf6 16. Nd5 Nxd5 17. cxd5 e6 18. Rh7 Qf6 19. Ng5 exd5 20. Bxd5 Be6 21. Ne4 Qd4 22. Bxe6 Rxe6 23. e3 Qe5 24. f4 Qd5 25. Qh2 Kf8 26. Rxg7 Qxa2 27. Qh8+ Ke7 28. Rxf7+ Kxf7 29. Rh7# 1-0


[Site "https://www.chess.com"]

[Event "Titled Tuesday Blitz November 14 Late 2023"]
[White "Pourkashiyan, Atousa"]
[Black "Rodriguez Dominguez, Melissa"]
[WhiteFideId "12502014"]
[BlackFideId "3517560"]
[WhiteElo "2529"]
[BlackElo "2225"]
[Result "1-0"]
[Round "3"]
[TimeControl "180+1"]
[Date "2023.11.14"]
[WhiteClock "0:00:08"]
[BlackClock "0:00:00"]
[Board "114"]

1. e4 c5 2. Nf3 e6 3. d4 cxd4 4. Nxd4 Nc6 5. Nxc6 bxc6 6. Bd3 d5 7. O-O Nf6 8. Nc3 Be7 9. Qe2 O-O 10. Bd2 c5 11. b3 Bb7 12. Rad1 Re8 13. e5 Nd7 14. f4 Rc8 15. Kh1 a6 16. Bxa6 Bxa6 17. Qxa6 c4 18. Na4 Ra8 19. Qb7 Rb8 20. Qa7 Ra8 21. Qf2 Qc7 22. Be3 Rac8 23. Bd4 Ra8 24. Rd2 Reb8 25. f5 Nxe5 26. fxe6 f6 27. Re2 Bd6 28. Rfe1 Rxa4 29. bxa4 Qe7 30. a5 Qxe6 31. a6 Ra8 32. a7 Qd7 33. Bxe5 Bxe5 34. Qc5 Kh8 35. Rd2 d4 36. Qxc4 h6 37. Qc5 Bd6 38. Qd5 Rd8 39. Rxd4 Qxa7 40. h3 Bc7 41. Qe4 Rxd4 42. Qe8+ Kh7 43. Qe3 Bb6 44. c3 Rd1 45. Qe4+ g6 46. Rxd1 Bc5 47. Qe6 f5 48. Rd7+ Qxd7 49. Qxd7+ Kg8 50. Qc8+ 1-0


[Site "https://www.chess.com"]

[Event "Titled Tuesday Blitz November 14 Late 2023"]
[White "Vila Dupla, Aurelio"]
[Black "Womacka, Mathias"]
[WhiteFideId "2203383"]
[BlackFideId "4611390"]
[WhiteElo "2224"]
[BlackElo "2529"]
[Result "0-1"]
[Round "3"]
[TimeControl "180+1"]
[Date "2023.11.14"]
[WhiteClock "0:00:00"]
[BlackClock "0:00:12"]
[Board "115"]

1. Nf3 c5 2. c4 Nf6 3. Nc3 e6 4. d4 cxd4 5. Nxd4 Bb4 6. g3 O-O 7. Bg2 d5 8. O-O dxc4 9. Ndb5 Qe7 10. a3 Rd8 11. Qc2 Ba5 12. Bf4 a6 13. Nd6 Rxd6 14. Bxd6 Qxd6 15. Rfd1 Qe7 16. Ne4 Nc6 17. Nd6 Bc7 18. Nxc8 Rxc8 19. Qxc4 Bb6 20. Qb3 Ba7 21. e3 h6 22. Rac1 Nd5 23. Bxd5 exd5 24. Qxd5 Rd8 25. Qf3 Rxd1+ 26. Rxd1 Ne5 27. Qf5 g6 28. Qc8+ Kg7 29. Rc1 Qf6 30. Qc3 h5 31. h4 b5 32. Kg2 Bb6 33. f4 Ng4 34. Qxf6+ Nxf6 35. Rc6 Bxe3 36. Rxa6 Bc1 37. Ra5 Bxb2 38. Rxb5 Bxa3 39. f5 Bd6 40. fxg6 fxg6 41. Ra5 Ne4 42. Ra6 Kf7 43. Kf3 Bxg3 44. Ra4 Bxh4 45. Rxe4 Bf6 46. Ra4 g5 47. Rc4 Kg6 48. Ke4 g4 49. Rc6 Kg5 50. Rc5+ Kh4 51. Rf5 Bd8 52. Rf1 Kg3 53. Rg1+ Kh2 54. Rf1 g3 55. Kf3 h4 56. Ra1 h3 57. Ra2+ g2 58. Ra1 g1=Q 0-1


[Site "https://www.chess.com"]

[Event "Titled Tuesday Blitz November 14 Late 2023"]
[White "Acosta Cruz, Oscar Yosimar"]
[Black "RodokininEV"]
[WhiteFideId "5111269"]
[WhiteElo "2216"]
[BlackElo "2529"]
[Result "0-1"]
[Round "3"]
[TimeControl "180+1"]
[Date "2023.11.14"]
[WhiteClock "0:00:00"]
[BlackClock "0:00:02"]
[Board "116"]

1. d4 Nf6 2. Nf3 g6 3. Bf4 Bg7 4. e3 d6 5. Be2 O-O 6. O-O c5 7. h3 b6 8. c3 Bb7 9. a4 a6 10. Na3 Nbd7 11. Bh2 Ra7 12. Re1 Qa8 13. Bf1 Ne4 14. Nd2 Rc8 15. Nxe4 Bxe4 16. f3 Bb7 17. Kh1 Qb8 18. Qb3 Ba8 19. d5 Nf6 20. e4 Ne8 21. Nc4 Rb7 22. Qc2 Qc7 23. e5 Ra7 24. exd6 Nxd6 25. Rad1 Rb7 26. Qf2 b5 27. Nxd6 exd6 28. axb5 axb5 29. Qh4 Qd8 30. Qg4 Rbb8 31. Bf4 h5 32. Qg3 Rb6 33. Bg5 Bf6 34. Re8+ Qxe8 35. Bxf6 Qe3 36. Re1 Qh6 37. Re7 Bxd5 38. Bg5 Qg7 39. Qf4 Be6 40. Bf6 Qh7 41. Bd3 c4 42. Bc2 b4 43. Qe3 Rbb8 44. f4 Re8 45. Ra7 Bd5 46. Qd4 Bc6 47. Qxd6 Re1+ 48. Kh2 Rc8 49. cxb4 Re6 50. Qxc6 Rexc6 51. b5 Rxf6 0-1


[Site "https://www.chess.com"]

[Event "Titled Tuesday Blitz November 14 Late 2023"]
[White "Floresvillar Gonzalez, Luis Migu"]
[Black "Karas, Marek"]
[WhiteFideId "5100542"]
[BlackFideId "14928558"]
[WhiteElo "2211"]
[BlackElo "2527"]
[Result "1/2-1/2"]
[Round "3"]
[TimeControl "180+1"]
[Date "2023.11.14"]
[WhiteClock "0:00:04"]
[BlackClock "0:00:33"]
[Board "117"]

1. e4 c5 2. Nf3 Nc6 3. d4 cxd4 4. Nxd4 g6 5. Be3 Bg7 6. Nc3 Nf6 7. Bc4 Qa5 8. f3 Qb4 9. Nxc6 bxc6 10. Bb3 O-O 11. a3 Qb8 12. Qd2 Ba6 13. h4 d5 14. exd5 cxd5 15. h5 d4 16. Qxd4 Qg3+ 17. Bf2 Qxg2 18. O-O-O Qxf3 19. hxg6 hxg6 20. Qh4 Nh5 21. Bd4 Qf4+ 22. Qxf4 Nxf4 23. Bxg7 Kxg7 24. Rd7 e5 25. Re1 Bc8 26. Re7 Be6 27. Bxe6 Nxe6 28. Nd5 Rfe8 29. Rxe5 Rxe7 30. Nxe7 Kf6 31. Nc6 Rc8 32. Nxa7 Rxc2+ 33. Kxc2 Kxe5 34. a4 g5 35. a5 g4 36. Nc6+ Ke4 37. Kd2 g3 38. Ke2 f5 39. a6 f4 40. a7 f3+ 41. Kf1 Nc7 42. Ne7 Na8 43. b4 Kf4 44. b5 Kg4 45. b6 Nxb6 46. Nd5 Na8 47. Ne3+ Kh3 48. Kg1 g2 49. Nd1 Kg3 50. Nf2 Kf4 51. Nd3+ Ke3 52. Nf2 Ke2 53. Ng4 Nb6 54. Nf2 Ke3 55. Ng4+ Kd4 56. Kf2 Ke4 57. Kg1 Kf4 58. Nf2 Ke5 59. Ng4+ Kd6 60. Nh2 Kc6 61. Nxf3 Kb7 62. Kxg2 Kxa7 1/2-1/2


[Site "https://www.chess.com"]

[Event "Titled Tuesday Blitz November 14 Late 2023"]
[White "Vafin, Ayrat"]
[Black "claudiuprunescu"]
[WhiteFideId "4146530"]
[WhiteElo "2526"]
[BlackElo "2203"]
[Result "1-0"]
[Round "3"]
[TimeControl "180+1"]
[Date "2023.11.14"]
[WhiteClock "0:01:20"]
[BlackClock "0:00:40"]
[Board "118"]

1. d4 Nf6 2. Nf3 c6 3. Bg5 e6 4. Nbd2 d5 5. e4 dxe4 6. Nxe4 Nbd7 7. Bd3 h6 8. Bxf6 Nxf6 9. O-O Be7 10. c3 O-O 11. Qe2 Nd5 12. Bc2 Bd6 13. Rad1 Qe7 14. c4 Nf4 15. Qe3 b6 16. Ne5 Bxe5 17. dxe5 Ng6 18. Nd6 Nh4 19. Qe4 Nf5 20. Qxc6 Bd7 21. Nxf5 exf5 22. Qxd7 1-0


[Site "https://www.chess.com"]

[Event "Titled Tuesday Blitz November 14 Late 2023"]
[White "Reprintsev, Alexander"]
[Black "Novikova, Margarita"]
[WhiteFideId "14100541"]
[BlackFideId "14109689"]
[WhiteElo "2523"]
[BlackElo "2170"]
[Result "1/2-1/2"]
[Round "3"]
[TimeControl "180+1"]
[Date "2023.11.14"]
[WhiteClock "0:00:12"]
[BlackClock "0:00:51"]
[Board "119"]

1. e4 d5 2. exd5 Qxd5 3. Nc3 Qd6 4. d4 Nf6 5. Nf3 c6 6. g3 Bg4 7. Bf4 Qb4 8. Bg2 e6 9. a3 Qb6 10. O-O Nbd7 11. b4 a6 12. Na4 Qd8 13. Nc5 b6 14. Nd3 Rc8 15. h3 Bxf3 16. Qxf3 Nd5 17. Bd2 b5 18. Qe2 N7b6 19. f4 Be7 20. f5 exf5 21. Rxf5 O-O 22. Raf1 Bf6 23. c3 g6 24. R5f2 Bg7 25. h4 h5 26. Kh2 Nc4 27. Nf4 Nxd2 28. Qxd2 Nxf4 29. Qxf4 Qe7 30. Rf3 f5 31. Re3 Qc7 32. Qxc7 Rxc7 33. Rfe1 Kf7 34. Re6 Rfc8 35. R1e2 Bf6 36. R6e3 Re7 37. Rxe7+ Bxe7 38. Bf3 Rc7 39. Kg2 1/2-1/2


[Site "https://www.chess.com"]

[Event "Titled Tuesday Blitz November 14 Late 2023"]
[White "Sivanandan, Bodhana"]
[Black "Kuegel, Tobias"]
[WhiteFideId "497592"]
[BlackFideId "4636295"]
[WhiteElo "2167"]
[BlackElo "2522"]
[Result "1-0"]
[Round "3"]
[TimeControl "180+1"]
[Date "2023.11.14"]
[WhiteClock "0:01:01"]
[BlackClock "0:00:00"]
[Board "120"]

1. d4 Nf6 2. Nf3 d5 3. g3 e6 4. Bg2 Be7 5. O-O O-O 6. c3 c5 7. Bg5 Nc6 8. e3 b6 9. Nbd2 a5 10. Re1 cxd4 11. exd4 b5 12. Ne5 Nxe5 13. dxe5 Nd7 14. Bxe7 Qxe7 15. Nf3 Ba6 16. Nd4 Rfc8 17. f4 b4 18. Qf3 bxc3 19. bxc3 Qa3 20. f5 Rxc3 21. Qf4 Nc5 22. fxe6 Nxe6 23. Nxe6 fxe6 24. Bh3 Rf8 25. Bxe6+ Kh8 26. Qd4 Rd3 27. Qb6 Rxg3+ 28. hxg3 Qxg3+ 29. Kh1 Bd3 30. Re3 Be4+ 31. Rxe4 dxe4 32. Qg1 Qxe5 33. Bh3 e3 34. Re1 e2 35. Bg4 Qe4+ 36. Kh2 Rf6 37. Rxe2 Rh6+ 38. Kg3 Qd3+ 39. Re3 Qd6+ 40. Kf3 Rf6+ 41. Ke2 1-0


[Site "https://www.chess.com"]

[Event "Titled Tuesday Blitz November 14 Late 2023"]
[White "Statham_l3"]
[Black "Lopez Perdomo, Juan David"]
[BlackFideId "4405137"]
[WhiteElo "2521"]
[BlackElo "2158"]
[Result "1-0"]
[Round "3"]
[TimeControl "180+1"]
[Date "2023.11.14"]
[WhiteClock "0:00:11"]
[BlackClock "0:00:08"]
[Board "121"]

1. e4 e6 2. d4 d5 3. Nc3 Bb4 4. Qg4 Ne7 5. Qxg7 Rg8 6. Qxh7 dxe4 7. Ne2 Nbc6 8. Be3 Qd5 9. O-O-O Qa5 10. Qxe4 f5 11. Qd3 a6 12. a3 Bxa3 13. bxa3 Qxa3+ 14. Kb1 b5 15. Na2 Qa5 16. Nec1 Nd5 17. Nb3 Qb6 18. Be2 Bb7 19. Bh5+ Kd7 20. Bf7 Rg4 21. Nc5+ Kc8 22. Bxe6+ Kb8 23. Nd7+ Ka7 24. Nxb6 Kxb6 25. Bxd5 Na5 26. Bxb7 Kxb7 27. Qxf5 Rag8 28. g3 Nc4 29. Nc3 R4g6 30. h4 Rc6 31. d5 Rcg6 32. h5 Rg4 33. h6 Na3+ 34. Kc1 b4 35. Na4 Rc4 36. Nc5+ Ka7 37. h7 Rf8 38. Qd3 Rh8 39. Nd7+ Ka8 40. Qxc4 Nxc4 41. Bd4 Rxh7 42. Rxh7 a5 43. Rh8+ Kb7 44. Rb8+ Ka6 45. Nc5+ Ka7 46. Rb7+ Ka8 47. Rh1 Nd6 48. Rh8+ Nc8 49. Rxc8# 1-0


[Site "https://www.chess.com"]